 Dungeon Crawl Stone Soup version 0.31.0-32-g396128a36d (webtiles) character file.

Game seed: 6679873234958130776

551732 Liamsmithers the Acrobat (level 24, -14/249 HPs)
             Began as a Minotaur Fighter on Mar 22, 2024.
             Was the Champion of Ashenzari.
             Demolished by an electric golem (21 damage)
             ... on level 2 of the Realm of Zot.
             The game lasted 01:56:54 (45194 turns).

Liamsmithers the Acrobat (Minotaur Fighter)        Turns: 45194, Time: 01:56:55

Health: -14/249    AC: 36    Str: 30    XL:     24   Next: 44%
Magic:  14/14      EV: 27    Int:  5    God:    Ashenzari [******]
Gold:   5009       SH:  0    Dex: 16    Spells: 24/24 levels left

rFire   . . .        g - +8 executioner's axe "Chained With Me" {vamp, Melee, Self} (curse)
rCold   + . .        (shield currently unavailable)
rNeg    . . .        T - +5 plate armour of the Lashed Pleiades {rF+, Cun, Fort} (curse)
rPois   +            u - +1 hat of Ashenzari's Seeker {Fort, Range} (curse)
rElec   .            e - scarf of Ashenzari's Gloom {repulsion, Elem, Melee} (curse)
rCorr   +            E - +2 pair of gloves of Cremastomancy {Dex+3, Fort, Range} (curse)
SInv    +            Y - +2 pair of boots "Lashed With Me" {Fly, Melee, Elem} (curse)
Will    ++++.        c - amulet of Ashenzari's Adversity {Regen+, Dev, Self} (curse) Stlth
                     k - ring of the Unveiling Seeker {Ice rPois Will++ rCorr MP-9, Self, Cun} (curse)
HPRegen 1.41/turn    t - ring of the Enigmatic Dogma {Will+ EV+5, Self, Melee} (curse)
MPRegen 0.14/turn

%: repel missiles, clarity
@: flying, studying 2 skills
A: horns 2, retaliatory headbutt, hooves 1, mutation resistance 1, inability to
read after injury 1
}: 3/15 runes: barnacled, silver, gossamer
a: Renounce Religion, Shatter the Chains


You were on level 2 of the Realm of Zot.
You worshipped Ashenzari.
Ashenzari was exalted by your worship.
You visited 9 branches of the dungeon, and saw 42 of its levels.
You visited 1 bazaar.
You also visited: Bailey and Gauntlet.

You collected 7002 gold pieces.
You spent 1993 gold pieces at shops.

Inventory:

Hand Weapons
 g - the cursed +8 executioner's axe "Chained With Me" (weapon) {vamp, Melee, Self}
   (You took it off Zenata on level 2 of the Vaults)

   It has a curse which improves the following skills: Melee Combat: Short
   Blades, Long Blades, Axes, Maces & Flails, Polearms, Staves and Unarmed
   Combat.
   Introspection: Fighting and Spellcasting.
Missiles
 K - 6 throwing nets (quivered)
Armour
 d - the +5 scale mail of Ynkameg {+Inv rPois rC+ MP+9}
   (You bought it in a shop in a bazaar)

   rC+:       It protects you from cold.
   rPois:     It protects you from poison MP+9: It affects your magic capacity
   (+9).
   +Inv:      It lets you turn invisible.
 e - the cursed scarf of Ashenzari's Gloom (worn) {repulsion, Elem, Melee}
   (You found it on level 2 of the Spider Nest)

   It has a curse which improves the following skills: Elements: Fire Magic, Ice
   Magic, Air Magic and Earth Magic.
   Melee Combat: Short Blades, Long Blades, Axes, Maces & Flails, Polearms,
   Staves and Unarmed Combat.
 u - the cursed +1 hat of Ashenzari's Seeker (worn) {Fort, Range}
   (You found it on level 4 of the Spider Nest)

   It has a curse which improves the following skills: Fortitude: Armour and
   Shields.
   Ranged Combat: Ranged Weapons and Throwing.
 E - the cursed +2 pair of gloves of Cremastomancy (worn) {Dex+3, Fort, Range}
   (You found it on level 13 of the Dungeon)

   It has a curse which improves the following skills: Fortitude: Armour and
   Shields.
   Ranged Combat: Ranged Weapons and Throwing.
 T - the cursed +5 plate armour of the Lashed Pleiades (worn) {rF+, Cun, Fort}
   (You bought it in a shop in a bazaar)

   It has a curse which improves the following skills: Cunning: Dodging and
   Stealth.
   Fortitude: Armour and Shields.
 W - a +1 buckler of protection
 Y - the cursed +2 pair of boots "Lashed With Me" (worn) {Fly, Melee, Elem}
   (You found it in a Gauntlet)

   It has a curse which improves the following skills: Melee Combat: Short
   Blades, Long Blades, Axes, Maces & Flails, Polearms, Staves and Unarmed
   Combat.
   Elements:  Fire Magic, Ice Magic, Air Magic and Earth Magic.
Jewellery
 c - the cursed amulet of Ashenzari's Adversity (around neck) {Regen+, Dev, Self}
   (You found it on level 14 of the Dungeon)

   [amulet of regeneration]

   Regen+:    It increases your rate of health regeneration.
   It has a curse which improves the following skills: Devices: Evocations and
   Shapeshifting.
   Introspection: Fighting and Spellcasting.
 k - the cursed ring of the Unveiling Seeker (left hand) {Ice rPois Will++ rCorr MP-9, Self, Cun}
   (You found it on level 3 of the Shoals)

   [ring of ice]

   Ice:       It enhances your ice magic.
   rF-:       It makes you vulnerable to fire.
   rC+:       It protects you from cold.
   rPois:     It protects you from poison Will++: It greatly increases your
   willpower.
   MP-9:      It affects your magic capacity (-9).
   rCorr:     It protects you from acid and corrosion.
   It has a curse which improves the following skills: Introspection: Fighting
   and Spellcasting.
   Cunning:   Dodging and Stealth.
 t - the cursed ring of the Enigmatic Dogma (right hand) {Will+ EV+5, Self, Melee}
   (You found it in a bailey)

   [ring of evasion]

   EV+5:      It affects your evasion (+5).
   Will+:     It increases your willpower.
   It has a curse which improves the following skills: Introspection: Fighting
   and Spellcasting.
   Melee Combat: Short Blades, Long Blades, Axes, Maces & Flails, Polearms,
   Staves and Unarmed Combat.
 F - a ring of resist corrosion
 G - an amulet of the acrobat
 I - the amulet "Kuzxio" {Spirit Rampage Str-2 Int-3 Dex+8}
   (You found it on level 2 of the Depths)

   [amulet of guardian spirit]

   Spirit:    It causes incoming damage to be divided between your reserves of
   health and magic.
   Str-2:     It affects your strength (-2).
   Int-3:     It affects your intelligence (-3).
   Dex+8:     It affects your dexterity (+8).
   Rampage:   It bestows one free step when moving towards enemies.
 V - the ring "Nyhit" {rElec rN+}
   (You found it in a Gauntlet)

   [ring of positive energy]

   rElec:     It insulates you from electricity.
   rN+:       It protects you from negative energy.
Wands
 n - a wand of iceblast (26)
 q - a wand of light (25)
 x - a wand of mindburst (55)
 N - a wand of flame (73)
 O - a wand of digging (14)
 Q - a wand of charming (38)
 Z - a wand of polymorph (31)
Scrolls
 f - 3 scrolls of blinking
 h - 8 scrolls of fear
 r - 10 scrolls of poison
 w - 5 scrolls of vulnerability
 z - 2 scrolls of enchant weapon
 B - 17 scrolls of teleportation
 D - 6 scrolls of revelation
 H - a scroll of immolation
 J - 7 scrolls of fog
 L - 2 scrolls of butterflies
Potions
 b - 3 potions of ambrosia
 i - 4 potions of resistance
 j - 6 potions of attraction
 l - 8 potions of berserk rage
 m - 4 potions of mutation
 o - 6 potions of invisibility
 s - 21 potions of curing
 v - 3 potions of cancellation
 A - 4 potions of heal wounds
 C - 9 potions of magic
 M - 5 potions of might
 P - 2 potions of enlightenment
 S - 3 potions of lignification
 U - 3 potions of haste
Miscellaneous
 a - a lightning rod (4/4)
 p - a box of beasts
 y - a condenser vane
 X - a phantom mirror


   Skills:
 + Level 24.2(27) Fighting
 + Level 23.4(27) Axes
 + Level 24.2(27) Armour
 + Level 26.0(27) Dodging
 + Level 15.2(19.9) Shields
 - Level 6.7(9.2) Evocations


You had 24 spell levels left.
You didn't know any spells.
Your spell library contained the following spells:

 Spells                   Type           Power      Damage    Failure   Level
 Freeze                   Ice            4%         1d3       73%         1
 Sandblast                Erth           0%         2d4       73%         1
 Shock                    Conj/Air       0%         1d3       77%         1
 Apportation              Tloc           0%         N/A       80%         1
 Magic Dart               Conj           0%         1d3       80%         1
 Necrotise                Necr           0%         1d4       80%         1
 Slow                     Hex            0%         N/A       80%         1
 Sting                    Conj/Alch      0%         1d3       80%         1
 Summon Small Mammal      Summ           0%         N/A       80%         1
 Scorch                   Fire           0%         2d5       86%         2
 Cigotuvi's Dreadful Rot  Necr/Alch/Air  0%         N/A       88%         2
 Ensorcelled Hibernation  Hex/Ice        0%         N/A       88%         2
 Mercury Vapours          Alch/Air       0%         N/A       88%         2
 Static Discharge         Conj/Air       0%         3-3/arc   88%         2
 Blink                    Tloc           0%         N/A       90%         2
 Call Imp                 Summ           0%         N/A       90%         2
 Jinxbite                 Hex            0%         N/A       90%         2
 Lesser Beckoning         Tloc           0%         N/A       90%         2
 Momentum Strike          Conj/Tloc      0%         3d8       90%         2
 Searing Ray              Conj           0%         2d4       90%         2
 Sublimation of Blood     Necr           0%         N/A       90%         2
 Frozen Ramparts          Ice            2%         1d1       97%         3
 Ozocubu's Armour         Ice            1%         N/A       97%         3
 Passwall                 Erth           0%         N/A       97%         3
 Swiftness                Air            0%         N/A       97%         3
 Hailstorm                Conj/Ice       0%         3d5       98%         3
 Inner Flame              Hex/Fire       0%         N/A       98%         3
 Stone Arrow              Conj/Erth      0%         3d7       98%         3
 Call Canine Familiar     Summ           0%         N/A       99%         3
 Confusing Touch          Hex            0%         N/A       99%         3
 Gell's Gravitas          Tloc           0%         N/A       99%         3
 Sigil of Binding         Hex            0%         N/A       99%         3
 Teleport Other           Tloc           0%         N/A       99%         3
 Tukima's Dance           Hex            0%         N/A       99%         3
 Vampiric Draining        Necr           0%         2d6       99%         3
 Airstrike                Air            0%         2d(0-16)  100%        4
 Anguish                  Hex/Necr       0%         N/A       100%        4
 Animate Dead             Necr           0%         N/A       100%        4
 Brom's Barrelling Bould  Conj/Erth      0%         2d3       100%        4
 Dimensional Bullseye     Hex/Tloc       0%         N/A       100%        4
 Flame Wave               Conj/Fire      0%         2d4       100%        4
 Fulminant Prism          Conj/Alch      0%         3d5       100%        4
 Ignite Poison            Fire/Alch      0%         N/A       100%        4
 Iskenderun's Mystic Bla  Conj/Tloc      0%         2d3       100%        4
 Leda's Liquefaction      Alch/Erth      0%         N/A       100%        4
 Manifold Assault         Tloc           0%         N/A       100%        4
 Olgreb's Toxic Radiance  Alch           0%         N/A       100%        4
 Passage of Golubria      Tloc           0%         N/A       100%        4
 Petrify                  Alch/Erth      0%         N/A       100%        4
 Sticky Flame             Fire/Alch      0%         2d4       100%        4
 Summon Blazeheart Golem  Fire/Summ      0%         N/A       100%        4
 Vhi's Electric Charge    Tloc/Air       0%         N/A       100%        4
 Alistair's Intoxication  Alch           0%         N/A       100%        5
 Arcjolt                  Conj/Air       0%         1d10      100%        5
 Borgnjor's Vile Clutch   Necr/Erth      0%         N/A       100%        5
 Fireball                 Conj/Fire      0%         3d3       100%        5
 Freezing Cloud           Conj/Ice/Air   0%         6-21      100%        5
 Irradiate                Conj/Alch      0%         3d11      100%        5
 Iskenderun's Battlesphe  Conj           0%         2d6       100%        5
 Metabolic Englaciation   Hex/Ice        0%         N/A       100%        5
 Silence                  Hex/Air        0%         N/A       100%        5
 Summon Forest            Summ/Tloc      0%         N/A       100%        5
 Summon Mana Viper        Hex/Summ       0%         N/A       100%        5
 Yara's Violent Unravell  Hex/Alch       0%         3d3       100%        5
 Conjure Ball Lightning   Conj/Air       0%         3x3d6     100%        6
 Dispersal                Tloc           0%         N/A       100%        6
 Eringya's Noxious Bog    Alch           0%         4d6       100%        6
 Sculpt Simulacrum        Ice/Alch       0%         N/A       100%        6
 Summon Cactus Giant      Summ           0%         N/A       100%        6
 Haunt                    Necr/Summ      0%         N/A       100%        7
 Orb of Destruction       Conj           0%         9d5       100%        7
 Ozocubu's Refrigeration  Ice            0%         4d7       100%        7
 Spellforged Servitor     Conj/Summ      0%         N/A       100%        7
 Summon Hydra             Summ           0%         N/A       100%        7
 Discord                  Hex            0%         N/A       100%        8
 Disjunction              Tloc           0%         N/A       100%        8
 Ignition                 Fire           0%         3d3       100%        8
 Infestation              Necr           0%         N/A       100%        8
 Maxwell's Capacitive Co  Air            0%         ∞         100%        8
 Death's Door             Necr           0%         N/A       100%        9


Dungeon Overview and Level Annotations

Branches:
Dungeon (15/15)            Temple (0/1) D:6            Lair (5/5) D:11
 Shoals (4/4) Lair:3       Spider (4/4) Lair:3        Slime (1/5) Lair:5
    Orc (2/2) D:11            Elf (0/3) Orc:2        Vaults (5/5) D:14
  Crypt (0/3) Vaults:3     Depths (4/4) D:15            Zot (2/5) Depths:4
 Bailey (visited)         Gauntlet (visited)

Altars:
Ashenzari
Elyvilon
Gozag
Hepliaklqana
Makhleb
Okawaru
Qazlal
Trog
Uskayaw
Vehumet
Jiyva
Lugonu

Shops:
D:7 :   D:10 !   D:12 *   Orc:2 *:*(   Shoals:1 (   Shoals:4 *   Vaults:1 =
Depths:1 =:=   Depths:4 !((*

Portals:
Hell: Depths:1 Depths:2 Depths:3 Depths:4
Abyss: Lair:5 Depths:3
Pandemonium: Depths:2
Ziggurat: Depths:2
Trove: Vaults:1 (show abyssal rune of Zot)

Annotations:
D:9 1 runed translucent door, Egg's ghost, journeyman OpAl
Shoals:4 exclusion: oklob plant
Vaults:3 Mennas


Innate Abilities, Weirdness & Mutations

You have a pair of horns on your head.
You reflexively headbutt those who attack you in melee.
You have large cloven feet.
You are somewhat resistant to further mutation.
You occasionally lose the ability to read scrolls when taking damage.


Message History

You hit the electric golem but do no damage.
The electric golem is severely damaged.
You slice the curse toe!!
The electric golem hurls lightning at you.
The bolt of lightning hits you but does no damage.
You hear a roar!
Unknown command.
You hit the electric golem.
Your headbutt misses the electric golem.
The electric golem is severely damaged.
You slash the curse toe! The electric golem hits you!
* * * LOW HITPOINT WARNING * * *
The electric golem shocks you!
* * * LOW HITPOINT WARNING * * *
The electric golem closely misses you.
The electric golem hits you but does no damage. x2
Okay, then.
You feel much better.
The electric golem hurls lightning at you.
The bolt of lightning misses you.
The curse toe calls on the powers of darkness!
Your body is wracked with pain!
* * * LOW HITPOINT WARNING * * *
The electric golem hurls lightning at you.
The bolt of lightning misses you.
You hit the curse toe but do no damage.
The curse toe is moderately damaged.
You slice the electric golem!!
The electric golem hurls lightning at you.
The bolt of lightning misses you.
Unknown command.
You carve the curse toe like a ham!!!
The curse toe is almost destroyed.
You miss the electric golem.
The electric golem completely misses you.
You furiously retaliate!
You headbutt the electric golem. The electric golem hits you!
* * * LOW HITPOINT WARNING * * *
The electric golem shocks you!!
You die...

#..,⌠,,****
#.##,,,****
#...,,,,,,*
#..**,,,,,,
#..,.?,,,,,
#.#*.#*,#,,
#.##.##.##,
###.9#......,
#...@z.#,,,,,
#...)..+,,,.{
#......#....,
#......'....,
#<.....#....,
######.#....,
*.#,...*
*..,,..,
**#.,*,*


You could see an electric golem and a curse toe.

Vanquished Creatures
  Frederick (Vaults:4)
  Mara (Depths:2)
  2 juggernauts
  Vv (Depths:3)
  Margery (Vaults:3)
  6 caustic shrikes
  8 golden dragons
  Arachne (Spider:2)
  A hellephant (Vaults:3)
  An electric golem (Zot:2)
  11 tentacled monstrosities
  Mlioglotl (Shoals:1)
  Rupert (Depths:3)
  Zenata (Vaults:2)
  A walking earthen tome (Depths:2)
  5 titans
  2 walking divine tomes (Depths:3)
  9 quicksilver dragons
  2 liches
  10 sphinxes
  2 acid blobs (Slime:1)
  Polyphemus (Shoals:2)
  7 shadow dragons
  5 death cobs
  Agnes (Depths:3)
  An ancient champion (Vaults:3)
  A kraken (Shoals:2)
  12 storm dragons
  5 tengu reavers (Vaults:4)
  Aizul (Shoals:2)
  A rockslime (Slime:1)
  3 iron dragons
  12 fire giants
  9 frost giants
  A draconian scorcher (Depths:4)
  3 emperor scorpions
  4 draconian monks (Depths:4)
  A deep elf sorcerer (Vaults:5)
  8 vault wardens
  A draconian shifter (Zot:2)
  Louise (Shoals:4)
  5 ghost moths
  A cacodemon (Gauntlet)
  8 spriggan defenders
  22 ironbound preservers
  A draconian annihilator (Zot:1)
  An orc warlord (Vaults:2)
  2 formless jellyfish
  25 very ugly things
  3 ironbound thunderhulks
  17 stone giants
  A draconian stormcaller (Zot:1)
  7 black draconians
  2 deep elf annihilators
  5 vampire knights
  3 deep elf demonologists
  18 dire elephants
  7 red draconians
  7 war gargoyles
  4 deep elf death magi
  A minotaur (Gauntlet)
  8 green draconians
  7 spark wasps
  8 purple draconians
  A yellow draconian (Zot:2)
  6 merfolk javelineers (Shoals:4)
  15 ettins
  11 white draconians
  2 blizzard demons
  Snorg (D:10)
  3 deep elf high priests
  Josephine (D:10)
  Fannar (D:10)
  A crystal guardian (Vaults:1)
  9 fire dragons
  17 merfolk impalers
  8 ice dragons
  4 great orbs of eyes
  13 yaktaur captains
  26 vault guards
  10 entropy weavers
  A catoblepas (Shoals:3)
  An ice dragon (shapeshifter) (Depths:3)
  7 jorogumos
  2 peacekeepers
  7 hydras
  3 merfolk avatars (Shoals:4)
  7 rakshasas
  A spriggan air mage (Depths:3)
  5 ogre magi
  17 centaur warriors
  3 deep troll shamans
  5 merfolk aquamancers (Shoals:4)
  8 ironbound frosthearts
  An alligator snapping turtle (Shoals:4)
  18 two-headed ogres
  A death scarab (Depths:1)
  3 thrashing horrors (Lair:5)
  Urug (Orc:2)
  6 boulder beetles
  4 tengu warriors
  An occultist (Depths:2)
  A dancing weapon (Vaults:5)
  6 spriggan berserkers
  2 death yaks
  5 demonic crawlers
  An orc high priest (Orc:2)
  A vampire mage (Depths:2)
  4 deep troll earth magi
  A fire crab (shapeshifter) (Depths:2)
  12 hell knights
  7 skeletal warriors
  6 skysharks
  A sixfirhy (Depths:2)
  A deep troll (shapeshifter) (Depths:3)
  A fire crab (Gauntlet)
  7 iron trolls
  7 sea snakes
  6 arcanists
  2 death drakes (Depths:4)
  2 sun moths
  5 pharaoh ants
  3 spriggan druids (Depths:2)
  7 glowing orange brains
  8 orb spiders
  57 deep trolls
  6 flayed ghosts
  6 orc knights
  3 steelbarb worms
  A deep elf zephyrmancer (Bailey)
  A lindwurm (shapeshifter) (Depths:4)
  10 ironbound convokers
  8 lindwurms
  3 phantasmal warriors (Vaults:5)
  Pikel (D:5)
  14 harpies
  A deep elf pyromancer (D:15)
  6 necromancers
  11 wolf spiders
  2 orc sorcerers
  8 fauns
  2 large abominations (Lair:5)
  7 moths of wrath
  2 frost giant skeletons (Vaults:3)
  A manticore (shapeshifter) (Depths:3)
  10 cyclopes
  12 manticores
  A tengu skeleton (Vaults:3)
  34 ugly things
  17 elephants
  Maurice (D:11)
  3 stone giant skeletons (Vaults:3)
  A rust devil (Depths:2)
  A kobold blastminer (Orc:1)
  15 vault sentinels
  3 smoke demons (Lair:5)
  6 meliai
  A moth of wrath (shapeshifter) (Vaults:2)
  8 torpor snails
  9 merfolk sirens
  6 water nymphs
  3 black mambas
  An unseen horror (D:12)
  Jeremiah (D:8)
  15 cane toads
  A gargoyle (D:11)
  A hellion (Depths:2)
  2 kobold demonologists
  2 freezing wraiths
  2 rime drakes
  A yaktaur skeleton (Vaults:3)
  6 komodo dragons
  12 yaktaurs
  28 merfolk
  3 tengu conjurers
  A cane toad (shapeshifter) (Vaults:5)
  12 trolls
  4 wind drakes
  39 tarantellas
  12 hornets
  2 polar bears
  3 glass eyes
  8 snapping turtles
  Prince Ribbit (D:5)
  22 blink frogs
  12 dream sheep
  3 raiju (Lair:5)
  22 jumping spiders
  3 shadows
  40 slime creatures
  24 culicivoras
  An elf skeleton (Vaults:3)
  A spriggan (shapeshifter) (Vaults:5)
  3 vampires (D:13)
  11 spriggans
  22 water elementals
  9 wraiths
  28 yaks
  An ettin skeleton (Vaults:3)
  4 basilisks
  2 fire bats (Gauntlet)
  5 wargs
  Menkaure (D:5)
  3 chaos spawn (Lair:5)
  A steam dragon (D:8)
  53 redbacks
  8 vampire mosquitoes
  10 small abominations (Lair:5)
  A redback (shapeshifter) (Vaults:2)
  A swamp worm (shapeshifter) (Depths:2)
  14 water moccasins
  A glowing shapeshifter skeleton (Vaults:3)
  20 orc warriors
  3 ice beasts
  2 laughing skulls (D:15)
  5 boggarts (D:15)
  24 ogres
  13 wolves
  2 human skeletons (Vaults:3)
  4 centaurs
  A lemure (D:5)
  An elf simulacrum (Vaults:3)
  3 kobold brigands
  7 gnoll sergeants
  2 brain worms (shapeshifter)
  13 bullfrogs
  An entropy weaver simulacrum (Vaults:3)
  A scorpion (D:5)
  4 wights
  3 killer bees (D:9)
  5 electric eels
  5 howler monkeys
  5 jellies
  10 orc priests
  12 hounds
  3 gnoll boudas (D:8)
  A sleepcap (D:5)
  4 iguanas
  16 orc wizards
  35 gnolls
  7 adders
  2 adder zombies (D:2)
  A dart slug (D:4)
  2 ribbon worms
  62 orcs
  7 ball pythons
  8 bats
  A bat zombie (D:2)
  6 endoplasms
  4 giant cockroaches
  9 goblins
  4 hobgoblins
  22 jackals
  2 quokkas
  A ball python skeleton (D:2)
  2 ball python zombies (D:2)
  3 frilled lizards
  17 kobolds
  4 rats
  2 spectral weapons (Depths:3)
1751 creatures vanquished.

Vanquished Creatures (others)
  A white draconian (Depths:4)
  A minotaur (D:1)
  A slime creature (D:13)
  A vault guard (Vaults:5)
  A merfolk avatar (Shoals:4)
  A harpy (Shoals:4)
  A merfolk (D:1)
  A formicid (D:1)
  An elf (D:1)
  3 demigods (D:1)
  An oni (D:1)
  A felid (D:1)
  An orc wizard (Orc:2)
  A gnoll (D:1)
  An orc (D:1)
  A kobold (D:1)
  32 spectral weapons
  8 tentacles
58 creatures vanquished.

Grand Total: 1809 creatures vanquished

Notes
Turn   | Place    | Note
-------+----------+-------------------------------------------
     0 | D:1      | Liamsmithers the Minotaur Fighter began the quest for the
                  | Orb.
     0 | D:1      | Reached XP level 1. HP: 19/19 MP: 0/0
     0 | D:1      | Noticed an elf
     0 | D:1      | Noticed an oni
     0 | D:1      | Noticed a formicid
     0 | D:1      | Noticed a merfolk
     0 | D:1      | Noticed a minotaur
     0 | D:1      | Noticed a kraken
     0 | D:1      | Noticed a demigod
     0 | D:1      | Noticed a demigod
     0 | D:1      | Noticed a felid
     0 | D:1      | Noticed a demigod
     2 | D:1      | Killed an elf
     5 | D:1      | Killed a demigod
     8 | D:1      | Killed a formicid
     8 | D:1      | Killed an oni
    10 | D:1      | Killed a demigod
    10 | D:1      | Killed a minotaur
    10 | D:1      | Killed a demigod
    12 | D:1      | Killed a felid
    13 | D:1      | Killed a merfolk
   155 | D:1      | Reached XP level 2. HP: 25/26 MP: 1/1
   886 | D:2      | Reached XP level 3. HP: 31/31 MP: 2/2
  1089 | D:2      | Reached skill level 5 in Axes
  1332 | D:2      | Reached XP level 4. HP: 38/39 MP: 3/3
  1750 | D:3      | Reached XP level 5. HP: 37/45 MP: 4/4
  2043 | D:3      | Identified the +1 leather armour of Analysis {Harm Str-2
                  | SInv}
  2058 | D:3      | Found a faded altar of an unknown god.
  2585 | D:4      | Found a broken altar of Ashenzari.
  2602 | D:4      | You fall into a shaft and drop 3 floors!
  2699 | D:6      | Noticed a water moccasin
  2713 | D:6      | Killed a water moccasin
  2714 | D:6      | Reached XP level 6. HP: 13/51 MP: 5/5
  2762 | D:5      | Entered Level 5 of the Dungeon
  2862 | D:5      | Found a white marble altar of Elyvilon.
  2911 | D:5      | Noticed Pikel
  2925 | D:5      | Killed Pikel
  2926 | D:5      | Reached skill level 10 in Axes
  2926 | D:5      | Reached XP level 7. HP: 49/57 MP: 6/6
  3155 | D:4      | Became a worshipper of Ashenzari the Shackled
  3180 | D:4      | Found a radiant altar of Vehumet.
  3817 | D:5      | Noticed Prince Ribbit
  3838 | D:5      | Killed Prince Ribbit
  3839 | D:5      | Reached XP level 8. HP: 57/64 MP: 7/7
  3990 | D:5      | Noticed Menkaure
  4003 | D:5      | Killed Menkaure
  4891 | D:6      | Found a staircase to the Ecumenical Temple.
  4919 | D:6      | Reached * piety under Ashenzari
  5088 | D:6      | Reached XP level 9. HP: 72/72 MP: 8/8
  5453 | D:6      | Reached ** piety under Ashenzari
  5891 | D:7      | Found Yjoask's Book Shop.
  6268 | D:7      | Reached skill level 5 in Shields
  6346 | D:7      | Noticed a cyclops
  6346 | D:7      | Noticed a manticore
  6365 | D:7      | Killed a manticore
  6376 | D:7      | Killed a cyclops
  6381 | D:7      | Noticed a cyclops
  6385 | D:7      | Reached XP level 10. HP: 60/80 MP: 9/9
  6388 | D:7      | Killed a cyclops
  6782 | D:8      | Reached skill level 10 in Shields
  6802 | D:8      | Noticed Jeremiah
  6826 | D:8      | Killed Jeremiah
  7026 | D:8      | Found a flagged portal.
  7035 | Bailey   | Entered a bailey
  7143 | Bailey   | Noticed an orc knight
  7165 | Bailey   | Killed an orc knight
  7301 | Bailey   | Found a large runed translucent door.
  7301 | Bailey   | Found a large runed translucent door.
  7302 | Bailey   | Noticed a deep elf zephyrmancer
  7304 | Bailey   | Identified the ring of Xida {Will+ EV+5}
  7304 | Bailey   | Identified the +5 short sword of Valiance {pain, rElec
                  | Int-5 Dex-2 Stlth+}
  7354 | Bailey   | Killed a deep elf zephyrmancer
  7830 | D:8      | Found a stormy altar of Qazlal.
  7902 | D:8      | Reached skill level 5 in Fighting
  8229 | D:9      | Reached XP level 11. HP: 91/91 MP: 10/10
  8272 | D:9      | Found a runed translucent door.
  8273 | D:9      | Noticed Egg's ghost (journeyman OpAl)
  8273 | D:9      | Identified the +2 trident "Ogheraaf" {spect, rElec rPois
                  | Int+4 Stlth+}
  8620 | D:9      | Noticed a two-headed ogre
  8628 | D:9      | Killed a two-headed ogre
  8794 | D:9      | Found an opulent altar of Gozag.
  8797 | D:9      | Found a burning altar of Makhleb.
  8800 | D:9      | Found a hazy altar of Hepliaklqana.
  8803 | D:9      | Found a bloodstained altar of Trog.
  9153 | D:10     | Entered Level 10 of the Dungeon
  9295 | D:10     | Reached *** piety under Ashenzari
  9376 | D:10     | Noticed Fannar
  9394 | D:10     | Killed Fannar
  9564 | D:10     | Identified the +2 robe of Murhohaa {rF+}
  9578 | D:10     | Noticed Josephine
  9586 | D:10     | Killed Josephine
  9587 | D:10     | Reached skill level 10 in Fighting
  9763 | D:10     | Noticed a two-headed ogre
  9766 | D:10     | Noticed a skeletal warrior
  9771 | D:10     | Killed a two-headed ogre
 10013 | D:10     | Killed a skeletal warrior
 10121 | D:10     | Found an iron altar of Okawaru.
 10236 | D:10     | Noticed Snorg
 10245 | D:10     | Killed Snorg
 10363 | D:10     | Found Qoisoq's Distillery.
 10501 | D:11     | Reached XP level 12. HP: 118/118 MP: 11/11
 10549 | D:11     | Found a staircase to the Lair.
 10552 | D:11     | Noticed a boulder beetle
 10584 | D:11     | Killed a boulder beetle
 10791 | D:11     | Reached skill level 5 in Armour
 10830 | D:11     | Noticed Maurice
 10839 | D:11     | Maurice stole 20 boomerangs
 10854 | D:11     | Killed Maurice
 10897 | D:11     | Noticed a boulder beetle
 10908 | D:11     | Reached **** piety under Ashenzari
 10924 | D:11     | Killed a boulder beetle
 11202 | D:11     | Found a staircase to the Orcish Mines.
 11352 | D:12     | Found a gate leading to a gauntlet.
 11473 | Gauntlet | Entered a Gauntlet
 11473 | Gauntlet | Found a large runed translucent door.
 11473 | Gauntlet | Found a large runed translucent door.
 11473 | Gauntlet | Found a large runed translucent door.
 11473 | Gauntlet | Found a large runed translucent door.
 11473 | Gauntlet | Found a runed translucent door.
 11473 | Gauntlet | Found a large runed translucent door.
 11473 | Gauntlet | Found a large runed translucent door.
 11473 | Gauntlet | Found a transporter.
 11473 | Gauntlet | Found a transporter.
 11473 | Gauntlet | Found a large runed translucent door.
 11473 | Gauntlet | Found a large runed translucent door.
 11473 | Gauntlet | Found a runed translucent gate.
 11473 | Gauntlet | Found a runed translucent gate.
 11473 | Gauntlet | Found a transporter.
 11477 | Gauntlet | Found a runed translucent door.
 11478 | Gauntlet | Found a large runed translucent door.
 11478 | Gauntlet | Found a large runed translucent door.
 11478 | Gauntlet | Found a large runed translucent door.
 11478 | Gauntlet | Found a large runed translucent door.
 11479 | Gauntlet | Found a large runed translucent door.
 11479 | Gauntlet | Found a large runed translucent door.
 11480 | Gauntlet | Found a large runed translucent door.
 11480 | Gauntlet | Found a large runed translucent door.
 11484 | Gauntlet | Found a runed translucent gate.
 11512 | Gauntlet | Found a transporter.
 11563 | Gauntlet | Found a transporter.
 11575 | Gauntlet | Found a transporter.
 11589 | Gauntlet | Identified the ring "Gibbaps" {Fly rC- rCorr Str+3}
 11589 | Gauntlet | Identified the ring "Nyhit" {rElec rN+}
 11590 | Gauntlet | Found a transporter.
 11590 | Gauntlet | Identified the staff "Atued" {Dex+7 Conj}
 11590 | Gauntlet | Noticed a cacodemon
 11603 | Gauntlet | Killed a cacodemon
 11719 | Gauntlet | Found a transporter.
 11730 | Gauntlet | Noticed a minotaur
 11730 | Gauntlet | Identified the Grimoire of Frostbitten Gusts
 11738 | Gauntlet | Killed a minotaur
 11739 | Gauntlet | Reached skill level 10 in Armour
 12321 | D:12     | Found Eheppearr's Serpentskin Sales.
 13055 | D:13     | Noticed a two-headed ogre
 13061 | D:13     | Killed a two-headed ogre
 13296 | D:13     | Reached ***** piety under Ashenzari
 13680 | D:14     | Reached XP level 13. HP: 114/134 MP: 12/12
 13850 | D:14     | Identified the +1 trident of Defiance {heavy, rElec rPois
                  | rC-}
 14198 | D:14     | Reached skill level 15 in Fighting
 14510 | D:14     | Found a gate to the Vaults.
 14511 | D:14     | Noticed an ironbound preserver
 14517 | D:14     | Killed an ironbound preserver
 14897 | D:15     | Entered Level 15 of the Dungeon
 15000 | Lair:1   | Entered Level 1 of the Lair of Beasts
 16520 | Lair:3   | Reached XP level 14. HP: 143/151 MP: 13/13
 16854 | Lair:3   | Found a runed translucent door.
 17018 | Lair:3   | Found a hole to the Spider Nest.
 17246 | Lair:3   | Reached skill level 1 in Evocations
 18310 | Lair:5   | Entered Level 5 of the Lair of Beasts
 18554 | Lair:5   | Found a viscous altar of Jiyva.
 18555 | Lair:5   | Found a staircase to the Slime Pits.
 18683 | Lair:5   | Reached skill level 5 in Evocations
 18730 | Lair:5   | Got an earthy gem with 20 turns to spare
 18966 | Lair:5   | Found a corrupted altar of Lugonu.
 18966 | Lair:5   | Found a one-way gate to the infinite horrors of the Abyss.
 19309 | Orc:1    | Entered Level 1 of the Orcish Mines
 19637 | Orc:2    | Entered Level 2 of the Orcish Mines
 19639 | Orc:2    | Noticed Urug
 19654 | Orc:2    | Reached XP level 15. HP: 132/171 MP: 15/15
 19655 | Orc:2    | Killed Urug
 19736 | Orc:2    | Found Gooty's Assorted Antiques.
 19736 | Orc:2    | Found Oblakear's Antique Weapon Shoppe.
 19739 | Orc:2    | Reached skill level 1 in Dodging
 19753 | Orc:2    | Found Kioham's Book Boutique.
 19761 | Orc:2    | Found Seet's Assorted Antiques.
 19766 | Orc:2    | Reached skill level 2 in Dodging
 19830 | Orc:2    | Bought a slimy war axe for 340 gold pieces
 19830 | Orc:2    | Identified the +4 war axe "Qyih" {spect, rC+} (You bought
                  | it in a shop on level 2 of the Orcish Mines)
 19903 | Orc:2    | Found a staircase to the Elven Halls.
 20580 | D:15     | Found a radiant altar of Vehumet.
 20600 | D:15     | Reached skill level 3 in Dodging
 20767 | D:15     | Reached skill level 4 in Dodging
 20770 | D:15     | Found a hide-covered altar of Uskayaw.
 20840 | D:15     | Found a staircase to the Depths.
 21100 | D:15     | Reached skill level 5 in Dodging
 21404 | Shoals:1 | Entered Level 1 of the Shoals
 21405 | Shoals:1 | Found Apnuept's Antique Weapon Boutique.
 21733 | Shoals:1 | Reached skill level 15 in Armour
 21853 | Shoals:1 | Reached skill level 6 in Dodging
 21964 | Shoals:1 | Noticed Mlioglotl
 21975 | Shoals:1 | Noticed a tentacled starspawn
 21982 | Shoals:1 | Killed Mlioglotl
 22268 | Shoals:2 | Found a flickering gateway to a bazaar.
 22276 | Bazaar   | Entered a bazaar
 22276 | Bazaar   | Found Ryryqeul's Weapon Shop.
 22276 | Bazaar   | Found Vaosaw's Armour Shop.
 22276 | Bazaar   | Found Jietiugh's Magic Scroll Boutique.
 22289 | Bazaar   | Bought a +3 plate armour of fire resistance for 630 gold
                  | pieces
 22289 | Bazaar   | Bought the +5 scale mail of Ynkameg {+Inv rPois rC+ MP+9}
                  | for 1023 gold pieces
 22511 | Shoals:2 | Reached XP level 16. HP: 124/180 MP: 16/16
 22593 | Shoals:2 | Identified the serpent talisman of Dice, Bag, and Bottle
                  | {+Blink rElec Will+ Str-2}
 22593 | Shoals:2 | Noticed Aizul
 22606 | Shoals:2 | Killed Aizul
 22729 | Shoals:2 | Identified the ring "Xaryn" {rF+ rC+ Will- Int+3}
 22746 | Shoals:2 | Reached skill level 7 in Dodging
 22845 | Shoals:2 | Noticed a kraken
 22850 | Shoals:2 | Killed a kraken
 23139 | Shoals:3 | Noticed Polyphemus
 23203 | Shoals:2 | Killed Polyphemus
 23263 | Shoals:3 | Identified the ring "Hyluho" {Ice rPois Will++ rCorr MP-9}
 23408 | Shoals:3 | Reached skill level 8 in Dodging
 24106 | Shoals:4 | Entered Level 4 of the Shoals
 24511 | Shoals:4 | Reached skill level 9 in Dodging
 24538 | Shoals:4 | Found Deaxaf's Assorted Antiques.
 24551 | Shoals:4 | Noticed Louise
 24566 | Shoals:4 | Killed Louise
 24720 | Shoals:4 | Reached skill level 10 in Dodging
 24720 | Shoals:4 | Reached XP level 17. HP: 183/183 MP: 7/16
 24766 | Shoals:4 | HP: 7/183 [merfolk/+4 trident (16)]
 24917 | Shoals:4 | Got an azure gem with 0 turns to spare
 24919 | Shoals:4 | Got a barnacled rune of Zot
 25088 | Shoals:4 | Identified the Atlas of the Legion and Malignant Magic
 25251 | Shoals:4 | Reached XP level 18. HP: 16/192 MP: 8/17
 25814 | Spider:1 | Entered Level 1 of the Spider Nest
 25884 | Spider:1 | Reached skill level 11 in Dodging
 26538 | Spider:1 | Identified the +5 falchion of Ruth {chaos, rC+ Int+2}
 27150 | Spider:2 | Noticed Arachne
 27165 | Spider:2 | Killed Arachne
 27242 | Spider:2 | Gained mutation: Your mind is acute. (Int +4, Str/Dex -1)
                  | [potion of mutation]
 27242 | Spider:2 | Gained mutation: You expend magic power (3 MP) to
                  | strengthen your wands. [potion of mutation]
 27242 | Spider:2 | Gained mutation: You are agile. (Dex +4, Str/Int -1)
                  | [potion of mutation]
 27243 | Spider:2 | Lost mutation: You expend magic power (3 MP) to strengthen
                  | your wands. [potion of mutation]
 27243 | Spider:2 | Lost mutation: Your mind is acute. (Int +4, Str/Dex -1)
                  | [potion of mutation]
 27243 | Spider:2 | Gained mutation: Your spells are a little easier to cast,
                  | but a little less powerful. [potion of mutation]
 27243 | Spider:2 | Gained mutation: You have sharp toenails. [potion of
                  | mutation]
 27244 | Spider:2 | Lost mutation: Your spells are a little easier to cast, but
                  | a little less powerful. [potion of mutation]
 27244 | Spider:2 | Lost mutation: You are agile. (Dex +4, Str/Int -1) [potion
                  | of mutation]
 27244 | Spider:2 | Gained mutation: You have a pair of large horns on your
                  | head. [potion of mutation]
 27245 | Spider:2 | Lost mutation: You have a pair of large horns on your head.
                  | [potion of mutation]
 27245 | Spider:2 | Lost mutation: You have sharp toenails. [potion of
                  | mutation]
 27245 | Spider:2 | Gained mutation: You have large cloven feet. [potion of
                  | mutation]
 27245 | Spider:2 | Gained mutation: You occasionally shout uncontrollably at
                  | your foes. [potion of mutation]
 27246 | Spider:2 | Lost mutation: You occasionally shout uncontrollably at
                  | your foes. [potion of mutation]
 27246 | Spider:2 | Lost mutation: You have large cloven feet. [potion of
                  | mutation]
 27246 | Spider:2 | Gained mutation: You are dopey. (Int -2) [potion of
                  | mutation]
 27246 | Spider:2 | Gained mutation: You are frail. (-10% HP) [potion of
                  | mutation]
 27246 | Spider:2 | Gained mutation: You have an increased reservoir of magic.
                  | (+10% MP) [potion of mutation]
 27247 | Spider:2 | Lost mutation: You are frail. (-10% HP) [potion of
                  | mutation]
 27247 | Spider:2 | Lost mutation: You have an increased reservoir of magic.
                  | (+10% MP) [potion of mutation]
 27247 | Spider:2 | Lost mutation: You are dopey. (Int -2) [potion of mutation]
 27247 | Spider:2 | Gained mutation: You occasionally lose the ability to read
                  | scrolls when taking damage. [potion of mutation]
 27247 | Spider:2 | Gained mutation: You have large cloven feet. [potion of
                  | mutation]
 27247 | Spider:2 | Gained mutation: You are somewhat resistant to further
                  | mutation. [potion of mutation]
 27494 | Spider:3 | Reached skill level 12 in Dodging
 27856 | Spider:3 | Identified the +2 buckler of Tomorrow {Str+5 Int-4}
 28590 | Spider:4 | Entered Level 4 of the Spider Nest
 28945 | Spider:4 | Got a gossamer rune of Zot
 28963 | Spider:4 | Reached skill level 13 in Dodging
 29556 | Spider:4 | Reached XP level 19. HP: 193/200 MP: 9/18
 30200 | Slime:1  | Entered Level 1 of the Pits of Slime
 30492 | Vaults:1 | Entered Level 1 of the Vaults
 30996 | Vaults:1 | Identified the +0 scale mail of the Hills {Str+2}
 31447 | Vaults:1 | Found Viul's Jewellery Emporium.
 31468 | Vaults:1 | Found a portal to a secret trove of treasure.
 32303 | Vaults:2 | Reached skill level 14 in Dodging
 32531 | Vaults:2 | Noticed Zenata
 32544 | Vaults:2 | Killed Zenata
 32720 | Vaults:2 | Reached skill level 15 in Dodging
 33469 | Vaults:2 | Reached skill level 16 in Dodging
 33648 | Vaults:3 | Reached XP level 20. HP: 210/216 MP: 10/19
 33769 | Vaults:3 | Noticed Margery
 33797 | Vaults:3 | Killed Margery
 33982 | Vaults:3 | Reached skill level 17 in Dodging
 34138 | Vaults:3 | Found a staircase to the Crypt.
 34363 | Vaults:3 | Reached skill level 18 in Dodging
 34641 | Vaults:3 | Noticed Mennas
 34905 | Vaults:4 | Reached skill level 19 in Dodging
 35317 | Vaults:4 | Identified the +2 sling of Reason {drain, Dex+3}
 35612 | Vaults:4 | Reached skill level 20 in Dodging
 36190 | Vaults:5 | Entered Level 5 of the Vaults
 36210 | Vaults:4 | Reached XP level 21. HP: 207/222 MP: 11/20
 36214 | Vaults:4 | Reached skill level 21 in Dodging
 36220 | Vaults:5 | Noticed a golden dragon
 36252 | Vaults:4 | Killed a golden dragon
 36347 | Vaults:5 | Reached skill level 22 in Dodging
 36426 | Vaults:4 | HP: 9/222 [tengu reaver/bolt of lightning (32)]
 36681 | Vaults:5 | Identified the staff of Outrage {rF++ rC+ rN+ rCorr Int-2
                  | Summ Ice}
 36896 | Vaults:4 | Reached skill level 23 in Dodging
 37226 | Vaults:5 | Identified the +4 battleaxe of Disaster {flame, SInv
                  | Stlth+}
 37245 | Vaults:5 | Identified the orb of the Eternal Fruit {light, Str+3 Dex-4
                  | Summ}
 37245 | Vaults:5 | Noticed Frederick
 37275 | Vaults:5 | Noticed a golden dragon
 37393 | Vaults:4 | Killed a golden dragon
 37433 | Vaults:4 | Killed Frederick
 37434 | Vaults:4 | Reached skill level 24 in Dodging
 37754 | Vaults:5 | Identified the +4 chain mail "Naykkupn" {SInv}
 37805 | Vaults:5 | Identified the +2 plate armour of Too Many Cooks {rCorr
                  | SInv}
 38004 | Vaults:5 | Identified the +8 shortbow of the Holding Traitor {freeze,
                  | Fly Int+3}
 38062 | Vaults:5 | Identified the +6 hand axe of the Grave {drain, Str+3}
 38063 | Vaults:5 | Identified the +0 pair of boots of Springtime {Will++}
 38084 | Vaults:5 | Identified the ring "Naqeuwna" {Fly rPois rF+}
 38141 | Vaults:5 | Got a silver rune of Zot
 38212 | Vaults:5 | Identified the +3 plate armour "Iwnehu" {^Drain rElec rC++
                  | Stlth+}
 38213 | Vaults:5 | Identified the ring of Sophism {Str+3 Int+6}
 38274 | Vaults:5 | Identified the +6 sling "Iteowecw" {flame, rC++ SInv}
 38460 | Vaults:5 | Noticed a golden dragon
 38469 | Vaults:5 | Reached XP level 22. HP: 233/233 MP: 13/22
 38474 | Vaults:5 | Killed a golden dragon
 38804 | Depths:1 | Entered Level 1 of the Depths
 38934 | Depths:1 | Found a gateway to Hell.
 39009 | Depths:1 | Reached skill level 25 in Dodging
 39215 | Depths:1 | Reached skill level 15 in Axes
 39698 | Depths:1 | Found Rufon's Book Shoppe.
 39699 | Depths:1 | Found Xoal's Jewellery Boutique.
 39699 | Depths:1 | Found Ceinuume's Jewellery Boutique.
 39784 | Depths:2 | Noticed Mara
 39795 | Depths:2 | Noticed Liamsmithers's illusion
 39805 | Depths:2 | Killed Mara
 40324 | Depths:2 | Found a one-way gateway to a ziggurat.
 40594 | Depths:2 | HP: 9/228 [spriggan defender/+0 flail of draining (17)]
 40594 | Depths:2 | HP: 2/222 [spriggan defender/+0 flail of draining (7)]
 40640 | Depths:2 | Noticed a caustic shrike
 40645 | Depths:2 | Killed a caustic shrike
 40996 | Depths:2 | Identified the amulet "Kuzxio" {Spirit Rampage Str-2 Int-3
                  | Dex+8}
 41299 | Depths:2 | Found a one-way gate leading to the halls of Pandemonium.
 41445 | Depths:3 | Noticed Agnes
 41445 | Depths:3 | Noticed Rupert
 41454 | Depths:3 | Killed Agnes
 41456 | Depths:3 | Killed Rupert
 41697 | Depths:3 | Reached XP level 23. HP: 240/240 MP: 14/23
 41927 | Depths:3 | Identified the +3 chain mail "Otram" {rElec rN++ Regen+
                  | Int-3}
 42072 | Depths:3 | Identified the +3 quarterstaff "Vautorio" {antimagic, rN+
                  | Dex+2 SInv}
 42157 | Depths:3 | Noticed a caustic shrike
 42165 | Depths:3 | Killed a caustic shrike
 42337 | Depths:3 | Noticed a juggernaut
 42350 | Depths:3 | Killed a juggernaut
 42359 | Depths:3 | Identified the +11 battleaxe of Togrud {flame, rC+ Dex+2
                  | Stlth+}
 42384 | Depths:3 | Identified the +5 flail of Topnam {heavy, rN+}
 42743 | Depths:3 | Identified the +3 ring mail of the Earth {rC++ SInv Stlth+}
 42894 | Depths:3 | Noticed Vv
 42918 | Depths:3 | Killed Vv
 43062 | Depths:4 | Entered Level 4 of the Depths
 43154 | Depths:4 | Noticed a caustic shrike
 43156 | Depths:4 | Found Xinuluar's General Store.
 43158 | Depths:4 | Noticed a caustic shrike
 43158 | Depths:4 | Noticed a caustic shrike
 43158 | Depths:4 | Noticed a caustic shrike
 43159 | Depths:4 | Noticed a juggernaut
 43164 | Depths:4 | Killed a caustic shrike
 43168 | Depths:4 | Killed a caustic shrike
 43173 | Depths:4 | Killed a caustic shrike
 43174 | Depths:4 | Killed a caustic shrike
 43184 | Depths:4 | Killed a juggernaut
 43200 | Depths:4 | Found Ushiwn's Antique Weapon Shop.
 43200 | Depths:4 | Found Duirgh's Weapon Boutique.
 43206 | Depths:4 | Found Hycwem's Distillery.
 43273 | Depths:4 | Reached ****** piety under Ashenzari
 43976 | Depths:4 | Reached XP level 24. HP: 249/249 MP: 14/23
 43996 | Depths:4 | Found a gate to the Realm of Zot.
 44080 | Depths:4 | Identified the Tome of Galvanic Beguiling
 44446 | Zot:1    | Entered Level 1 of the Realm of Zot
 44495 | Zot:1    | Reached skill level 15 in Shields
 45189 | Zot:2    | Reached skill level 26 in Dodging
 45191 | Zot:2    | HP: 1/249 [electric golem (17)]
 45194 | Zot:2    | Demolished by an electric golem

Illustrated notes

Levels and vault maps discovered:
D:1:      nicolae_arrival_kraken_aquarium_a, layout_basic,
          dreamdust_mushroom_princess, supply_closet_lemuel
D:2:      layout_loops_ring, serial_undead, serial_undead_f, serial_undead_c,
          serial_undead_d, serial_undead_e, serial_undead_e,
          grunt_ministairs_15, minmay_bisected
D:3:      layout_rooms, shapermc_ecumenical_altar_flowoftime,
          minmay_stone_trees_medium, nicolae_concentric_dashed_squares_wild
D:4:      layout_basic, mainiacjoe_overflow_large_starburst, kennysheep_boxes
D:5:      layout_basic, elyvilon_altar_4, uniq_pikel, uniq_menkaure,
          uniq_prince_ribbit1
D:6:      layout_layer_cave, temple_statues
D:7:      minmay_blocky_corners, layout_basic, serial_shops, shop,
          minmay_crossroads
D:8:      layout_cave_pools, nicolae_qazlal_style_of_elements, enter_bailey_2,
          serial_gnoll_camp, gnoll_camp_huts_basic, gnoll_camp_medium_01,
          gnoll_camp_mini_hut, gnoll_camp_medium_02, uniq_jeremiah
D:9:      layout_irregular_city, grunt_temple_overflow_cloverleaf,
          serial_column_ruins, column_ruins_hut, column_ruins_open_tiny,
          column_ruins_open_small, column_ruins_columns_straight,
          ebering_ghost_funeral_grove
D:10:     layout_gridville, serial_shops, nicolae_shop_tiny_glass,
          minmay_ruined_shrine, uniq_snorg, uniq_fannar, uniq_josephine
D:11:     layout_stronghold, erik_lair_island, orc_0_dummy, serial_rivers,
          chequers_serial_rivers_room_a, chequers_serial_rivers_marsh,
          chequers_serial_rivers_room_a, chequers_serial_rivers_small_b,
          uniq_maurice
D:12:     layout_grid_maze, gauntlet_entry_generic, guppyfry_shop_venom
D:13:     layout_loops_ring, corexii_leaking_fountain
D:14:     layout_loops_corners, hellmonk_vaults_order_and_chaos,
          nicolae_figureground_pulse, nicolae_houndstooth_variations
D:15:     grunt_enter_depths_hoard, layout_small_grid,
          nicolae_vehumet_altar_sigil, dancing_weapons_uskayaw
Lair:1:   layout_loops_ring, infiniplex_staircase_pool_2, grunt_megastairs_2
Lair:2:   layout_long_grid, grunt_megastairs_5
Lair:3:   layout_cave_pods, nicolae_shoals_entry_flooding,
          spider_nest_entry_web_field, pf_torpor_hydra, lemuel_fruit_tree
Lair:4:   layout_cave_pods, grunt_forest_small_clearing_treed
Lair:5:   hellmonk_lair_end_abyssal_woods, layout_cave_shapes, slime_entry_1,
          grunt_forest_small_clearings, serial_bayou_pond_c, lemuel_fruit_fields
Shoals:1: layout_shoals, serial_shops, shop,
          nicolae_shoals_water_elemental_grotto, uniq_mlioglotl
Shoals:2: layout_shoals, serial_shops, bzr_in_the_mist, uniq_aizul
Shoals:3: nicolae_shoals_island_circles, layout_shoals, uniq_polyphemus
Shoals:4: shoals_end_simple, layout_shoals, serial_shops, shop,
          nicolae_shoals_this_corrosion, uniq_louise
Spider:1: nicolae_spider_hilbert_zone_5 [nicolae_spider_hilbert_3_sides_1_open,
          nicolae_spider_hilbert_4_sides_1_open,
          nicolae_spider_hilbert_4_sides_1_open,
          nicolae_spider_hilbert_6_sides_1_open,
          nicolae_spider_hilbert_6_sides_1_open]
Spider:2: layout_spider_delve, uniq_arachne
Spider:3: layout_spider_delve, nicolae_spider_bzzzt
Spider:4: johnstein_spider_rune_arachne_lair
Slime:1:  layout_caves
Orc:1:    layout_diamond_mine, mines2_lemuel
Orc:2:    st_orc_open, layout_diamond_mine, nicolae_orc_quarried_blocks,
          uniq_urug
Vaults:1: v_alt_pattern_6, vaults_room_octagon, vaults_mumra_chevron_long,
          ontoclasm_vaults_chip, nicolae_vaults_alarming,
          nicolae_vaults_trapezoid_1, vaults_dpeg_hooks, v_misc_11,
          vaults_room_stairs_pillars, layout_vaults_omnigrid, serial_shops,
          nicolae_shop_competitors_out_of_business, enter_trove_3
Vaults:2: ontoclasm_vaults_misaligned, ontoclasm_vaults_fault,
          nicolae_vaults_closet_pinwheel_3, nicolae_vaults_stairing_the_circle,
          v_misc_14, vaults_dpeg_ring, st_cross,
          nicolae_vaults_closet_pinwheel_6, nicolae_vaults_frosty_reception,
          v_misc_29, nicolae_vaults_tetromino_Z_2, grunt_vaults_diagonal,
          layout_vaults_chaotic_city, uniq_zenata
Vaults:3: gammafunk_ghost_crypt, vaults_standard_mumra_lines,
          nicolae_vaults_circle_grid_a, ontoclasm_vaults_twist,
          nicolae_vaults_door_testing_chamber, v_misc_4, nicolae_vaults_prndl,
          nicolae_vaults_house_3, minmay_crypt_entry_skeletal_spiral,
          grunt_vaults_trifunnel, vaults_dpeg_emergency_exit,
          hangedman_vaults_stream, nicolae_vaults_security_offices_4,
          nicolae_vaults_diagonal_hallway_9, nicolae_vaults_sesquioval_fish,
          nicolae_vaults_trapezoid_2, layout_vaults_omnibox, uniq_mennas,
          uniq_bai_suzhen, uniq_margery
Vaults:4: nicolae_vaults_closet_pinwheel_2, nicolae_vaults_cornered_office,
          nicolae_vaults_shipping_containers_1,
          nicolae_vaults_inception_scallops, nicolae_vaults_turnstiles,
          nicolae_vaults_closet_pinwheel_3, v_misc_16,
          serial_library_hellmonk_angled_corner, ontoclasm_vaults_ligature,
          nicolae_vaults_weapon_check, nicolae_vaults_trapezoid_lopsided_1,
          layout_vaults_ring
Vaults:5: serial_shops, uniq_frederick
Depths:1: layout_small_grid, pf_hell_entry_tar_spiral, hellmonk_scarab_ruin,
          minmay_shop_grove, grunt_megastairs_4
Depths:2: kb_forest_paths, layout_gridlike, enter_ziggurat_c,
          grunt_pan_entry_in_and_out, hell_entry, infiniplex_staircase_squiggle,
          kennysheep_pointless_box, drop_trap, minmay_swirly_circle, uniq_mara
Depths:3: kennysheep_large_vault, layout_gridlike, nrook_pool_corridor,
          hangedman_coc_ice_floe, abyss_entry, minivault_11, sword_in_stone,
          uniq_vv
Depths:4: lemuel_castle_with_subvaults [lemuel_castle_interior_original],
          layout_honeycomb, hell_entry, hangedman_abyss_or_decor_lesser_grid,
          minmay_shoptagon, uniq_josephina
Zot:1:    layout_gridville
Zot:2:    layout_basic, regret_index_zot_stipple_split,
          hangedman_zot_decor_checkerboard, st_stairs_12, grunt_megastairs_3

Skill      XL: |  1  2  3  4  5  6  7  8  9 10 11 12 13 14 15 16 17 18 19 20 21 22 23 24 |
---------------+-------------------------------------------------------------------------+-----
Axes           | 3 4 5 6 7 10 11 13 14 20 22 23 | 23.4
Shields        | 9 13 14 15 | 15.2
Fighting       | 5 13 18 20 21 23 24 | 24.2
Armour         | 12 15 18 19 22 23 24 | 24.2
Evocations     | 6 |  6.7
Dodging        | 6 10 13 16 20 24 25 26 | 26.0

Action                     |  1- 3 |  4- 6 |  7- 9 | 10-12 | 13-15 | 16-18 | 19-21 | 22-24 || total
---------------------------+-------+-------+-------+-------+-------+-------+-------+-------++-------
  Melee: War axe           |    96 |    85 |   197 |   439 |   706 |   642 |   851 |       ||  3016
         Headbutt          |    11 |     7 |    36 |    76 |   166 |   185 |   438 |   298 ||  1217
         Executioner's axe |       |       |       |       |       |       |   339 |   967 ||  1306
  Throw: Javelin           |       |       |     3 |       |     3 |       |       |       ||     6
         Throwing net      |       |       |       |     3 |       |       |     1 |     1 ||     5
 Invoke: Curse Item        |       |       |     3 |     7 |     4 |     2 |     3 |     1 ||    20
         Shatter the Chain |       |       |       |     2 |     3 |     4 |     2 |       ||    11
  Evoke: Wand              |       |       |       |     6 |    11 |     5 |       |       ||    22
         Phantom mirror    |       |       |       |       |       |     1 |       |       ||     1
    Use: Potion            |       |     2 |     2 |     4 |       |    15 |     3 |     2 ||    28
         Scroll            |       |       |     1 |     8 |     3 |     2 |     5 |     1 ||    20
   Stab: Distracted        |       |       |       |       |     8 |     9 |    25 |     2 ||    44
         Held in net/web   |       |       |       |       |       |       |       |     4 ||     4
 Armour: Scale mail        |    82 |    22 |       |       |       |       |       |       ||   104
         Plate armour      |       |    53 |   139 |   321 |   641 |   631 |   996 |   922 ||  3703
         Robe              |       |       |       |     7 |       |       |       |       ||     7
  Dodge: Dodged            |    71 |    36 |    76 |   242 |   458 |   482 |  1243 |  1455 ||  4063
         Repelled          |       |       |       |       |       |     2 |    20 |    27 ||    49
  Block: Buckler           |    24 |    28 |    34 |   220 |   412 |   336 |   315 |       ||  1369
